AoeStats
← ercoba92

Arabia

509386581Analyzed
2v2 RM · 7d ago on Sep 26, 2026· 61m 47s· 4 players
Game mode
Random Map
Map size
Medium (4 player)
Population
200
Speed
Normal
Resources
Standard
Victory
Conquest
Starting age
Dark Age
Ending age
Imperial Age
RankedLock teamsTeams togetherTeam positionsShared explorationLock speedFull tech treeHidden civsTurbo modeCheats
Victory
Defeat
🇹🇼 Poles · Taiwan
1023
+18
🇪🇸 Huns · Spain
1000
+59
🇩🇪 Magyars · Germany
1070
-18
🇩🇪 Danes · Germany
1069
-19
LoveCreamPie
6:38 Loom
9:21 Feudal Age
10:06 Double-Bit Axe
11:47 Horse Collar
17:44 Wheelbarrow
20:50 Castle Age
18:44 Gold Mining
19:30 Forging
20:15 Scale Barding Armor
20:26 Bloodlines
21:48 Bow Saw
21:39 Heavy Plow
21:02 Light Cavalry
23:08 Iron Casting
23:54 Chain Barding Armor
26:19 Husbandry
26:23 Crossbowman
26:55 Fletching
28:26 Stone Mining
29:25 Padded Archer Armor
29:20 Bodkin Arrow
31:13 Thumb Ring
32:18 Stone Shaft Mining
35:17 Hand Cart
38:23 Imperial Age
35:40 Town Watch
37:00 Bodkin Arrow
37:21 Leather Archer Armor
37:05 Town Watch
38:31 Winged Hussar
39:32 Conscription
39:32 Lechitic Legacy
40:00 Crop Rotation
40:33 Blast Furnace
40:57 Chemistry
39:38 Treadmill Crane
40:08 Arbalester
42:09 Bracer
43:49 Cavalier
47:34 Scale Mail Armor
51:58 Town Patrol
52:55 Ballistics
52:46 Masonry
52:52 Capped Ram
54:12 Siege Ram
56:22 Chain Mail Armor
ercoba92
12:14 Feudal Age
17:50 Man-at-Arms
25:19 Scale Mail Armor
26:51 Forging
29:47 Scale Barding Armor
31:22 Bloodlines
37:31 Castle Age
39:35 Husbandry
Jumala
6:49 Loom
10:03 Feudal Age
10:35 Double-Bit Axe
17:44 Horse Collar
21:07 Castle Age
22:10 Fletching
23:56 Bow Saw
25:13 Bodkin Arrow
25:56 Thumb Ring
26:40 Ballistics
26:56 Scale Barding Armor
27:29 Gold Mining
27:29 Stone Mining
27:47 Padded Archer Armor
28:08 Chain Barding Armor
29:01 Town Watch
30:50 Gold Shaft Mining
30:35 Elite Skirmisher
36:02 Town Patrol
36:17 Bloodlines
36:08 Husbandry
38:25 Murder Holes
42:13 Heavy Plow
44:54 Imperial Age
45:43 Scale Mail Armor
45:27 Cavalier
46:23 Pikeman
48:23 Halberdier
48:49 Arson
52:10 Paladin
56:30 Two-Man Saw
lucky
7:38 Loom
9:44 Feudal Age
10:12 Man-at-Arms
11:23 Double-Bit Axe
13:03 Arson
14:21 Horse Collar
20:31 Castle Age
20:19 Wheelbarrow
19:58 Gold Mining
21:08 Forging
20:58 Scale Mail Armor
21:23 Gambesons
21:39 Squires
23:23 Chain Mail Armor
25:55 Iron Casting
28:14 Bow Saw
35:15 Fletching
35:25 Padded Archer Armor
35:48 Thumb Ring
36:44 Elite Skirmisher
41:45 Imperial Age
39:34 Hand Cart
39:46 Bodkin Arrow
40:06 Leather Archer Armor
40:51 Pikeman
46:17 Elite Varangian Guard
Connection lost

Rejoining the realm…

Still unreachable

The connection could not be restored.

Session expired

The server has moved on; the page needs a fresh start.